AoeStats
← pedrin

Four Lakes

509162039Analyzed
1v1 RM · 7d ago on Sep 25, 2026· 20m 13s· 2 players
Game mode
Random Map
Map size
Tiny (2 player)
Population
200
Speed
Normal
Resources
Standard
Victory
Conquest
Starting age
Dark Age
Ending age
Imperial Age
RankedLock teamsTeams togetherTeam positionsShared explorationLock speedFull tech treeHidden civsTurbo modeCheats
Victory
Defeat
🇩🇪 Hindustanis · Germany
995
+16
🇧🇷 Franks · Brazil
1000
-48
Mayshen
6:26 Loom
9:09 Feudal Age
9:47 Double-Bit Axe
17:32 Castle Age
16:15 Stone Mining
17:03 Wheelbarrow
17:27 Wheelbarrow
16:45 Fishing Lines
18:23 Pikeman
20:51 Forging
pedrin
10:44 Feudal Age
14:18 Fishing Lines
15:44 Wheelbarrow
Connection lost

Rejoining the realm…

Still unreachable

The connection could not be restored.

Session expired

The server has moved on; the page needs a fresh start.